 Dungeon Crawl Stone Soup version 0.25.1-2-g60ff931df9 (webtiles) character file.

Game seed: 17711538076219751647

2613 Curus the Carver (level 9, 0/70 HPs)
             Began as a Hill Orc Fighter on Sept 2, 2020.
             Was a Priest of Okawaru.
             Slain by Erica
             ... wielding a +0 scimitar of flaming
              (10 damage)
             ... on level 8 of the Dungeon.
             The game lasted 00:38:12 (7861 turns).

Curus the Carver (Hill Orc Fighter)                 Turns: 7861, Time: 00:38:13

Health: 0/70       AC: 12    Str: 19    XL:     9   Next: 60%
Magic:  0/9        EV:  3    Int:  8    God:    Okawaru [***...]
Gold:   465        SH: 10    Dex: 13    Spells: 8/8 levels left

rFire    + . .     SeeInvis .   a - +1 long sword
rCold    x . .     Gourm    .   c - +1 kite shield
rNeg     . . .     Faith    .   z - +0 plate armour
rPois    .         Spirit   +   e - +0 hat
rElec    .         Reflect  .   k - +0 cloak
rCorr    .         Harm     .   (no gloves)
MR       .....                  (no boots)
Stlth    ..........             i - amulet of guardian spirit
HPRegen  0.21/turn              B - ring of fire
MPRegen  0.11/turn              (no ring)

@: mighty
A: no striking features
a: Heroism, Renounce Religion


You were on level 8 of the Dungeon.
You worshipped Okawaru.
Okawaru was most pleased with you.
You were not hungry.

You visited 1 branch of the dungeon, and saw 8 of its levels.

You collected 465 gold pieces.

Inventory:

Hand Weapons
 a - a +1 long sword (weapon)
Armour
 b - a +0 scale mail
 c - a +1 kite shield (worn)
 e - a +0 hat (worn)
 j - a +0 chain mail
 k - a +0 cloak (worn)
 z - a +0 plate armour (worn)
Jewellery
 i - an amulet of guardian spirit (around neck)
 s - an uncursed ring of fire
 B - a ring of fire (left hand)
Wands
 q - a wand of polymorph (13)
 w - a wand of acid (7)
 y - a wand of flame (39)
Scrolls
 h - 4 scrolls of remove curse
 m - 2 scrolls of magic mapping
 n - 3 scrolls of identify
 p - 4 scrolls of teleportation
 t - 2 scrolls of fear
Potions
 d - 2 potions of might
 g - a potion of degeneration
 l - 2 potions of curing
 o - 3 potions of brilliance
 r - 3 potions of heal wounds
 u - 2 potions of haste
 v - a potion of flight
 A - 2 potions of cancellation
Comestibles
 f - 25 rations
 x - a chunk of flesh


   Skills:
 - Level 3.6 Fighting
 + Level 13.5 Long Blades
 - Level 3.2 Armour
 - Level 3.2 Shields


You had 8 spell levels left.
You didn't know any spells.
Your spell library contained the following spells:

 Spells                   Type           Power        Failure   Level  Hunger
 Beastly Appendage        Tmut           #.....       100%        1    ##.....
 Magic Dart               Conj           #...         100%        1    ##.....
 Blink                    Tloc           N/A          100%        2    ###....
 Call Imp                 Summ           #.......     100%        2    ###....
 Slow                     Hex            #.......     100%        2    ###....
 Sticks to Snakes         Tmut           #.......     100%        2    ###....
 Conjure Flame            Conj/Fire      #.......     100%        3    ####...
 Mephitic Cloud           Conj/Pois/Air  #.......     100%        3    ####...
 Spider Form              Tmut/Pois      #.........   100%        3    ####...
 Ice Form                 Ice/Tmut       #.......     100%        4    #####..
 Blade Hands              Tmut           #.........   100%        5    ######.


Dungeon Overview and Level Annotations

Branches:
Dungeon (8/15)             Temple (0/1) D:5
   Lair: D:8-11

Altars:
Ashenzari
Cheibriados
Dithmenos
Fedhas
Gozag
Hepliaklqana
Okawaru
Qazlal
Trog
Uskayaw

Shops:
D:5 (   D:6 *

Annotations:
D:8 Erica


Message History

You feel better.
You slash Erica!
Erica is almost dead.
Erica gestures wildly while chanting.
Erica flickers and vanishes!
Deactivating autopickup; reactivate with Ctrl-A.
Okay, then.
Unknown command.
You feel much better.
You hear some strange, mumbled words.
A lance of force appears from out of thin air!
The lance of force hits you!!
* * * LOW HITPOINT WARNING * * *
You are knocked back by the lance of force.
You slam into the rock wall!
* * * LOW HITPOINT WARNING * * *
You closely miss something. You miss something.
Something hits you but does no damage.
You hit something. Something hits you!
You die...

##### .....####
#....# ###...###
###...#...###
###...#####...###
###@..#...#
###...##
#..{#####...#
###... ..$...#.#
##...# ###.
..#.###.# #...#
## # #.# #...##
#.# #... #.# #.#
#. #.# #.# ##
..#.# #.#


There were no monsters in sight!

Vanquished Creatures
  Sigmund (D:6)
  A hungry ghost (D:8)
  A black bear (D:6)
  4 ice beasts
  3 sky beasts
  An orc warrior (D:8)
  An eye of draining (D:6)
  3 centaurs
  An ogre (D:8)
  2 bullfrogs
  A scorpion (D:7)
  2 crimson imps
  A quasit (D:7)
  5 hounds
  A bullfrog skeleton (D:4)
  6 orc priests
  A centaur skeleton (D:6)
  2 iguanas
  4 worker ants
  A killer bee zombie (D:7)
  A hound skeleton (D:7)
  14 adders
  2 oozes (D:2)
  An adder zombie (D:5)
  3 worms
  6 dart slugs
  4 leopard geckos
  22 orcs
  8 bats
  3 giant cockroaches
  11 goblins
  8 hobgoblins
  4 quokkas
  2 ball pythons
  3 frilled lizards
  A jackal zombie (D:6)
  4 kobolds
  5 rats
144 creatures vanquished.

Notes
Turn   | Place    | Note
-------+----------+-------------------------------------------
     0 | D:1      | Curus the Hill Orc Fighter began the quest for the Orb.
     0 | D:1      | Reached XP level 1. HP: 19/19 MP: 1/1
   268 | D:1      | Reached XP level 2. HP: 26/26 MP: 2/2
   337 | D:1      | Reached skill level 3 in Long Blades
   873 | D:2      | Reached XP level 3. HP: 26/31 MP: 3/3
   885 | D:2      | Reached skill level 4 in Long Blades
  1120 | D:2      | Reached XP level 4. HP: 39/39 MP: 4/4
  1421 | D:2      | Found a hazy altar of Hepliaklqana.
  1648 | D:3      | Reached skill level 5 in Long Blades
  1684 | D:3      | Found an opulent altar of Gozag.
  2029 | D:3      | Reached XP level 5. HP: 39/45 MP: 5/5
  2122 | D:3      | Found a hide-covered altar of Uskayaw.
  2628 | D:4      | Reached skill level 6 in Long Blades
  2754 | D:4      | Found a stormy altar of Qazlal.
  2760 | D:4      | Found a blossoming altar of Fedhas.
  2841 | D:4      | Reached XP level 6. HP: 48/51 MP: 6/6
  3000 | D:4      | Found an iron altar of Okawaru.
  3003 | D:4      | Became a worshipper of Warmaster Okawaru
  3180 | D:5      | Entered Level 5 of the Dungeon
  3182 | D:5      | Reached skill level 7 in Long Blades
  3323 | D:5      | Noticed an ice beast
  3335 | D:5      | Killed an ice beast
  3335 | D:5      | Reached * piety under Okawaru
  3335 | D:5      | Reached skill level 8 in Long Blades
  3335 | D:5      | Reached XP level 7. HP: 32/57 MP: 4/7
  3505 | D:5      | Found a snail-covered altar of Cheibriados.
  3575 | D:5      | Found Isocky's Weapon Boutique.
  3726 | D:5      | Reached skill level 9 in Long Blades
  4099 | D:5      | Found a staircase to the Ecumenical Temple.
  4445 | D:6      | Noticed Sigmund
  4459 | D:6      | Killed Sigmund
  4459 | D:6      | Reached skill level 10 in Long Blades
  4459 | D:6      | Reached XP level 8. HP: 62/64 MP: 8/8
  4588 | D:6      | Found Cebiwule's Lightly-Used Armoury.
  4823 | D:6      | Reached ** piety under Okawaru
  4861 | D:6      | Reached skill level 11 in Long Blades
  5419 | D:6      | Noticed a four-headed hydra
  5930 | D:7      | Reached skill level 12 in Long Blades
  6058 | D:7      | Reached XP level 9. HP: 58/70 MP: 9/9
  6204 | D:7      | Found a shadowy altar of Dithmenos.
  6309 | D:7      | Reached *** piety under Okawaru
  6377 | D:7      | Found a shattered altar of Ashenzari.
  7081 | D:8      | Reached skill level 13 in Long Blades
  7407 | D:8      | Found a bloodstained altar of Trog.
  7828 | D:8      | Noticed Erica
  7861 | D:8      | Slain by Erica

Illustrated notes

Levels and vault maps discovered:
D:1:      erik_arrival_blinker_ship, layout_basic
D:2:      layout_rooms, lemuel_round_altar, kennysheep_flooded_box
D:3:      layout_loops_ring, nicolae_gozag_seed_capital,
          lemuel_coloured_pillars_altar
D:4:      layout_loops_ring, grunt_temple_overflow_forces_of_nature,
          kennysheep_mini_moat
D:5:      layout_rooms, kennysheep_slug_shrine, minmay_temple_entry_junction,
          first_ration, serial_shops, nicolae_shop_statue_plus,
          serial_park_tiny_pond
D:6:      black_bear_nest_1, layout_basic, minmay_shop_damaged, kb_rosetta,
          uniq_sigmund
D:7:      layout_basic, nicolae_overflow_crystal_walls, old_standard_altar
D:8:      lemuel_insect_pit, layout_basic, old_standard_altar,
          nicolae_ossuary_entry_false_entrances, grunt_ogre_cave,
          nicolae_benzene_ring, uniq_erica

Skill      XL: |  1  2  3  4  5  6  7  8  9 |
---------------+----------------------------+-----
Long Blades    | 3 4 5 6 8 10 12 13 | 13.5
Fighting       | |  3.6
Armour         | |  3.2
Shields        | |  3.2

Action                   |  1- 3 |  4- 6 |  7- 9 || total
-------------------------+-------+-------+-------++-------
Melee: Long sword        |    97 |   217 |   449 ||   763
  Use: Scroll            |     5 |     6 |     2 ||    13
       Potion            |     3 |     5 |     7 ||    15
  Eat: Chunk             |     1 |     7 |    17 ||    25
Armor: Scale mail        |     4 |       |       ||     4
       Chain mail        |    56 |   125 |   177 ||   358
       Plate armour      |       |       |    26 ||    26
Dodge: Dodged            |    15 |    43 |    66 ||   124
Block: Kite shield       |    53 |   117 |   204 ||   374
       Rpst.: Long sword |     3 |    22 |    14 ||    39
